 Dungeon Crawl Stone Soup version 0.17.1-1-g73c8601 (webtiles) character file.

191 stupendous the Covered (level 5, -4/47 HPs)
             Began as a Minotaur Fighter on Mar 18, 2016.
             Slain by jagang's ghost (23 damage)
             ... on level 4 of the Dungeon.
             The game lasted 00:06:48 (2233 turns).

stupendous the Covered (Minotaur Fighter)           Turns: 2233, Time: 00:06:48

Health: -4/47      AC:  7    Str: 22    XL:     5   Next: 41%
Magic:  4/4        EV:  7    Int:  5    God:
Gold:   155        SH:  9    Dex:  9    Spells: 0 memorised, 4 levels left

rFire  . . .     SeeInvis .     a - +0 long sword
rCold  + . .     Clarity  .     b - +0 scale mail
rNeg   . . .     SustAt   .     c - +0 shield
rPois  +         Gourm    .     (helmet restricted)
rElec  .         Spirit   .     (no cloak)
rCorr  .         Warding  .     (no gloves)
rMut   +         Stasis   .     (no boots)
MR     .....                    l - amulet of resist mutation
Stlth  ..........               w - ring of protection from cold
                                o - ring of poison resistance

@: not resistant to hostile enchantments, extremely unstealthy
A: retaliatory headbutt, horns 2
a: no special abilities


You were on level 4 of the Dungeon.
You were hungry.

You visited 1 branch of the dungeon, and saw 4 of its levels.

You collected 155 gold pieces.

Inventory:

Hand Weapons
 a - a +0 long sword (weapon)
Armour
 b - a +0 scale mail (worn)
 c - a +0 shield (worn)
Jewellery
 l - an amulet of resist mutation (around neck)
 o - a ring of poison resistance (left hand)
 w - a ring of protection from cold (right hand)
Wands
 q - a wand of flame (26)
Scrolls
 i - 3 scrolls of fear {unknown}
 k - a scroll of enchant weapon {unknown}
 n - a scroll of enchant armour {unknown}
 p - a scroll of amnesia {unknown}
 s - a scroll of teleportation {unknown}
 t - a scroll of remove curse {unknown}
 v - a scroll of noise {unknown}
Potions
 d - a potion of might
 g - 3 potions of curing
 h - a potion of invisibility
 r - a potion of cure mutation
Comestibles
 e - 3 bread rations
 j - a meat ration
 u - 2 beef jerkies


   Skills:
 + Level 4.7 Fighting
 + Level 3.9 Long Blades
 + Level 5.0 Armour
 + Level 4.8 Shields


You had 4 spell levels left.
You didn't know any spells.

Dungeon Overview and Level Annotations

Branches:
Dungeon (4/15)
 Temple: D:4-7

Altars:
Gozag

Annotations:
D:4 jagang's ghost, novice TrBe


Innate Abilities, Weirdness & Mutations

You reflexively headbutt those who attack you in melee.
You have a pair of horns on your head.


Message History

Jagang's ghost hits you.
Your shield and scale mail prevent you from hitting jagang's ghost.
You headbutt jagang's ghost!
Jagang's ghost is moderately damaged.
Jagang's ghost hits you.
You closely miss jagang's ghost.
Jagang's ghost is moderately damaged.
You block jagang's ghost's attack. Jagang's ghost hits you!
You hit jagang's ghost.
Jagang's ghost is moderately damaged.
Jagang's ghost hits you!
You slash jagang's ghost!
You headbutt jagang's ghost, but do no damage.
Jagang's ghost is heavily damaged.
Jagang's ghost barely misses you.
You slash jagang's ghost! Your headbutt misses jagang's ghost.
Jagang's ghost is severely damaged.
Jagang's ghost swings its fists at you. Jagang's ghost hits you!!
You die...

.. #.# # #.# #.#
#.... #.# #.#.###.#
.._..#.## ###.#.#..
#$..@.#.# # #
#.####W###.###.##.#
#..........W...o...
......######.##.##.#
##...........<.....#
......###.##...#####
##### # ###.# .# >#


You could see jagang's ghost.

Vanquished Creatures
  Jessica (D:3)
  Natasha (thrice) (D:2)
  Robin (D:2)
  2 adders (D:2)
  2 oozes (D:1)
  5 worms
  A giant gecko (D:1)
  An orc (D:3)
  12 bats
  5 giant cockroaches
  11 hobgoblins
  7 kobolds
  2 quokkas
  A giant newt (D:3)
  13 goblins
  14 rats
81 creatures vanquished.

Notes
Turn   | Place    | Note
--------------------------------------------------------------
     0 | D:1      | stupendous the Minotaur Fighter began the quest for the Orb.
     0 | D:1      | Reached XP level 1. HP: 19/19 MP: 0/0
    37 | D:1      | Reached XP level 2. HP: 25/27 MP: 1/1
   138 | D:1      | Reached skill level 4 in Armour
   416 | D:1      | Reached XP level 3. HP: 23/33 MP: 2/2
   952 | D:2      | Noticed Natasha
   962 | D:2      | Killed Natasha
   962 | D:2      | Reached XP level 4. HP: 19/40 MP: 3/3
  1102 | D:2      | Noticed Natasha
  1105 | D:2      | Killed Natasha
  1226 | D:2      | Noticed Natasha
  1234 | D:2      | Killed Natasha
  1330 | D:2      | Noticed Robin
  1363 | D:2      | Killed Robin
  1363 | D:2      | Reached XP level 5. HP: 18/47 MP: 4/4
  1771 | D:3      | Noticed Jessica
  1775 | D:3      | Killed Jessica
  2023 | D:3      | Reached skill level 5 in Armour
  2218 | D:4      | Noticed jagang's ghost (novice TrBe)
  2222 | D:4      | Found an opulent altar of Gozag.
  2233 | D:4      | Slain by jagang's ghost

Action                   |  1- 3 |  4- 6 || total
-------------------------+-------+-------++-------
Melee: Long sword        |    85 |   107 ||   192
  Use: Scroll            |       |     4 ||     4
  Eat: Chunk             |       |     4 ||     4
